 Dungeon Crawl Stone Soup version 0.18-a0-1549-g08f95da (console) character file.

2849 Rosenchrist the Cutter (level 9, -1/57 HPs)
             Began as a Demonspawn Necromancer on Mar 11, 2016.
             Was a Follower of Kikubaaqudgha.
             Shot with a sling bullet by Joseph (13 damage)
             ... on level 7 of the Dungeon.
             The game lasted 01:47:25 (8719 turns).

Rosenchrist the Cutter (Demonspawn Necromancer)     Turns: 8719, Time: 01:47:25

Health: -1/57      AC:  8    Str:  9    XL:     9   Next: 46%
Magic:  10/13      EV: 15    Int: 19    God:    Kikubaaqudgha [*.....]
Gold:   507        SH:  0    Dex: 14    Spells: 3 memorised, 8 levels left

rFire  . . .     SeeInvis .     h - +3 dagger (venom)
rCold  . . .     Gourm    .     e - +2 robe {MR+}
rNeg   . . .     Faith    .     (no shield)
rPois  .         Spirit   .     (no helmet)
rElec  .         Dismiss  +     (no cloak)
rCorr  .         Reflect  .     F - +0 pair of gloves
SustAt .         Harm     .     (no boots)
MR     +....                    d - amulet of dismissal
Stlth  ++........               (no ring)
                                (no ring)

@: about to teleport, very slightly contaminated, somewhat resistant to hostile
enchantments, unstealthy
A: hooves 1, slimy green scales 2, powered by death 3, spiny 1
a: Receive Corpses, Renounce Religion


You were on level 7 of the Dungeon.
You worshipped Kikubaaqudgha.
Kikubaaqudgha was aware of your devotion.
You were not hungry.

You visited 2 branches of the dungeon, and saw 8 of its levels.
You also visited: Ossuary.

You collected 507 gold pieces.

Inventory:

Hand Weapons
 a - a +0 whip of draining
 f - a +0 blowgun
 h - a +3 dagger of venom (weapon)
 G - a +1 spear of venom
Missiles
 i - 55 poisoned needles
 q - a javelin (quivered)
Armour
 e - a +2 robe of magic resistance (worn)
 F - a +0 pair of gloves (worn)
Jewellery
 d - an amulet of dismissal (around neck)
Wands
 k - a wand of paralysis (24/24)
 v - a wand of acid (5/15)
 C - a wand of iceblast (3/15)
Scrolls
 g - a scroll of remove curse
 r - 3 scrolls of identify
 s - 2 scrolls of enchant weapon
 x - 2 scrolls of magic mapping
 y - 2 scrolls of recharging
 D - 2 scrolls of teleportation
Potions
 j - 2 potions of might
 l - 3 potions of mutation
 n - 3 potions of haste
 o - a potion of curing
 u - 2 potions of flight {unknown}
 w - 2 potions of degeneration {unknown}
 E - a potion of brilliance {unknown}
 H - a potion of invisibility {unknown}
Books
 b - a book of Necromancy

   Spells                             Type                      Level
   a - Pain                           Necromancy                   1
   b - Animate Skeleton               Necromancy                   1
   c - Vampiric Draining              Necromancy                   3
   d - Regeneration                   Charms/Necromancy            3
   e - Animate Dead                   Necromancy                   4
   f - Control Undead                 Necromancy                   4
 B - Kikubaaqudgha's Tome of Unholy Secrets
   (Kikubaaqudgha gifted it to you on level 7 of the Dungeon)

   Spells                             Type                      Level
   a - Pain                           Necromancy                   1
   b - Corpse Rot                     Necromancy                   2
   c - Sublimation of Blood           Necromancy                   2
   d - Regeneration                   Charms/Necromancy            3
   e - Control Undead                 Necromancy                   4
Comestibles
 c - 4 bread rations
 m - 3 meat rations
 p - 2 beef jerkies


   Skills:
 * Level 7.9 Short Blades
 + Level 6.6 Dodging
 - Level 4.1 Stealth
 - Level 3.1 Spellcasting
 - Level 7.0 Necromancy


You had 8 spell levels left.
You knew the following spells:

 Your Spells              Type           Power        Failure   Level  Hunger
a - Pain                  Necr           ####         1%          1    None
b - Animate Skeleton      Necr           N/A          1%          1    None
c - Animate Dead          Necr           N/A          12%         4    ####...


Dungeon Overview and Level Annotations

Branches:
Dungeon (7/15)             Temple (1/1) D:5

Altars:
Ashenzari
Cheibriados
Dithmenos
Elyvilon
Fedhas
Gozag
Kikubaaqudgha
Makhleb
Nemelex Xobeh
Okawaru
Pakellas
Qazlal
Ru
Sif Muna
Trog
Vehumet
Xom
Yredelemnul
Zin
The Shining One

Shops:
D:4 *

Annotations:
D:7 Joseph


Innate Abilities, Weirdness & Mutations

You have large cloven feet.
You are mostly covered in slimy green scales (AC +3).
You regenerate a lot of health from kills.
You are partially covered in sharp spines.


Message History

Press: ? - help, Shift-Dir - straight line, f - Joseph
Aim: Joseph, wielding a quarterstaff of speed and wearing a ring mail (heavily wounded, poisoned, chance to defeat MR: 71%) Joseph struggles to resist.
Joseph unwields an uncursed quarterstaff of speed.
Joseph wields an uncursed hunting sling.
Joseph shoots a sling bullet.
The sling bullet barely misses you.
Casting: Pain
Confirm with . or Enter, or press ? or * to list all spells.
Aiming: Pain
Press: ? - help, Shift-Dir - straight line, f/p - Joseph
Aim: Joseph, wielding a hunting sling and wearing a ring mail (heavily wounded, poisoned, chance to defeat MR: 71%) Joseph convulses in agony!
Joseph shoots a sling bullet.
The sling bullet hits you!
* * * LOW HITPOINT WARNING * * *
You feel better.
As you read the scroll of teleportation, it crumbles to dust.
You feel strangely unstable.
Joseph shoots a sling bullet.
The sling bullet hits you!
You die...
Kikubaaqudgha rasps: "You have failed me!
Welcome... death!"

.....<.#####......#.#............
.......##....####..............##
..........###Z.................#
.........#######...###..#...##.##
......##...#####.###.##......#(..
.............#.[.#...###.....#...
......####.#.........# #.....#...
......# #...####...####.#.......
......####......@..##.......#....
......##........#..##.....#.##...
########.##.#.............#......
#....#................####
########.####.....@..........####
......##..# #.......#......#..##.
..>...###.###.................#..
......#.....#...................#
......#.#.###....(............###


You could see Joseph.

Vanquished Creatures
  The ghost of kaze the Insei, a novice OpTm of Okawaru (D:5)
  Sigmund (D:3)
  A hippogriff (D:5)
  Duvessa (D:6)
  An orc warrior (D:7)
  A sky beast (D:7)
  An ice beast (D:6)
  A necrophage (D:5)
  2 ogres (D:6)
  A centaur (D:7)
  4 giant frogs (D:6)
  A wyvern zombie (D:7)
  Dowan (D:6)
  A water moccasin zombie (Ossuary)
  A scorpion (D:7)
  2 howler monkeys
  3 crimson imps
  A giant frog zombie (D:7)
  A giant frog skeleton (D:5)
  A gnoll shaman (D:6)
  An orc priest (D:3)
  2 hounds
  5 orc wizards
  2 iguanas
  Ijyb (D:3)
  3 worker ants
  4 big kobold zombies (Ossuary)
  2 mummies (Ossuary)
  A worker ant zombie (D:6)
  5 gnolls
  9 adders
  A howler monkey skeleton (D:7)
  2 shadow imps
  An ooze (D:2)
  2 adder skeletons (D:5)
  4 adder zombies
  2 worms
  3 dart slugs
  6 giant geckos
  20 orcs
  13 bats
  9 giant cockroaches
  10 goblins
  7 hobgoblins
  7 jackals
  9 kobolds
  4 quokkas
  A ball python (D:3)
  A ball python skeleton (D:4)
  6 giant newts
  3 gnoll zombies (Ossuary)
  8 hobgoblin zombies (Ossuary)
  5 kobold zombies (Ossuary)
  2 orc zombies (Ossuary)
  5 rats
193 creatures vanquished.

Vanquished Creatures (collateral kills)
  An orc priest (D:7)
  A gnoll (D:3)
  4 orcs
  A bat (D:1)
7 creatures vanquished.

Vanquished Creatures (others)
  A wyvern (D:5)
  A water moccasin zombie (Ossuary)
  An adder zombie (Ossuary)
3 creatures vanquished.

Grand Total: 203 creatures vanquished

Notes
Turn   | Place    | Note
--------------------------------------------------------------
     0 | D:1      | Rosenchrist the Demonspawn Necromancer began the quest for the Orb.
     0 | D:1      | Reached XP level 1. HP: 13/13 MP: 3/3
     9 | D:1      | Learned a level 1 spell: Animate Skeleton
   355 | D:1      | Gained mutation: You are partially covered in slimy green scales (AC +2). [demonic ancestry]
   355 | D:1      | Reached XP level 2. HP: 17/19 MP: 1/5
  1449 | D:2      | Gained mutation: You regenerate a little health from kills. [demonic ancestry]
  1449 | D:2      | Reached XP level 3. HP: 16/24 MP: 0/6
  1573 | D:2      | Reached skill level 5 in Necromancy
  1786 | D:2      | Found a shimmering altar of Xom.
  2128 | D:2      | Gained mutation: You have large cloven feet. [demonic ancestry]
  2128 | D:2      | Reached XP level 4. HP: 28/30 MP: 4/7
  2598 | D:3      | Noticed Ijyb
  2607 | D:3      | Killed Ijyb
  2620 | D:3      | Found a shadowy altar of Dithmenos.
  3047 | D:3      | Noticed Sigmund
  3063 | D:3      | HP: 1/30 [Sigmund/scythe (8)]
  3070 | D:3      | Killed Sigmund
  3070 | D:3      | Reached XP level 5. HP: 25/35 MP: 9/9
  3070 | D:3      | Gained mutation: You regenerate health from kills. [demonic ancestry]
  3070 | D:3      | Reached XP level 6. HP: 29/41 MP: 10/10
  3160 | D:3      | Learned a level 4 spell: Animate Dead
  4256 | D:4      | Found an iron altar of Okawaru.
  4538 | D:4      | Found Aliushra's Alliterative Accessories.
  4594 | D:4      | Found a snail-covered altar of Cheibriados.
  4596 | D:4      | Found a glowing golden altar of the Shining One.
  4597 | D:4      | Found a sparkling altar of Nemelex Xobeh.
  4669 | D:4      | Gained mutation: You are mostly covered in slimy green scales (AC +3). [demonic ancestry]
  4669 | D:4      | Reached XP level 7. HP: 46/46 MP: 11/11
  5018 | D:5      | Entered Level 5 of the Dungeon
  5132 | D:5      | Found an oddly glowing altar of Pakellas.
  5132 | D:5      | Noticed an orange crystal statue
  5133 | D:5      | Noticed a wyvern
  5140 | D:5      | Killed a wyvern
  5206 | D:5      | Found a staircase to the Ecumenical Temple.
  5212 | D:5      | Reached skill level 1 in Short Blades
  5220 | Temple   | Entered the Ecumenical Temple
  5359 | Temple   | Became a worshipper of Kikubaaqudgha
  5400 | D:5      | Found a sand-covered staircase.
  5408 | Ossuary  | Entered an ossuary
  6276 | D:5      | Noticed kaze's ghost (novice OpTm)
  6317 | D:5      | Killed kaze's ghost
  6317 | D:5      | Gained mutation: You regenerate a lot of health from kills. [demonic ancestry]
  6317 | D:5      | Reached XP level 8. HP: 31/52 MP: 12/12
  6803 | D:5      | Reached skill level 5 in Dodging
  7029 | D:6      | Reached skill level 5 in Short Blades
  7130 | D:6      | Found a deep blue altar of Sif Muna.
  7235 | D:6      | Found a radiant altar of Vehumet.
  7617 | D:6      | Gained mutation: You are partially covered in sharp spines. [demonic ancestry]
  7617 | D:6      | Reached XP level 9. HP: 43/56 MP: 13/13
  7728 | D:6      | Noticed Duvessa
  7728 | D:6      | Noticed Dowan
  7736 | D:6      | Killed Duvessa
  7742 | D:6      | Killed Dowan
  8116 | D:7      | Found a sacrificial altar of Ru.
  8119 | D:7      | Reached * piety under Kikubaaqudgha
  8119 | D:7      | Received a gift from Kikubaaqudgha
  8126 | D:7      | Identified Kikubaaqudgha's Tome of Unholy Secrets (Kikubaaqudgha gifted it to you on level 7 of the Dungeon)
  8464 | D:7      | Found an opulent altar of Gozag.
  8630 | D:7      | Noticed Joseph
  8719 | D:7      | Shot with a sling bullet by Joseph

Vault maps used:
D:1:      saegor_arrival_simple_d, serial_bayou, serial_bayou_pond_b,
          serial_bayou_shore_a, serial_bayou_pond_b, serial_bayou_lagoon_a,
          minivault_5
D:2:      wad_pebble_path, xom_teletrap_fun, wad_floor_pattern_untrapped
D:3:      minmay_door_path, first_bread, grunt_decor_arrowhead,
          nicolae_dithmenos_shadow_blocks, uniq_iyjb, uniq_sigmund
D:4:      okawaru_gym_becter, grunt_temple_overflow_open, nicolae_alphabet_shops
D:5:      temple_fountains, portal_sewer_entry_f, nicolae_ossuary_entry_ruins,
          gammafunk_pakellas_statue_experiment
D:6:      old_standard_altar, basic_altar, lightli_corner_chamber, uniq_duvessa
D:7:      nicolae_gozag_cash_rules_everything_around_me,
          nicolae_ru_great_annihilating_truth, uniq_joseph
Temple:   eino_narrow_crystal_temple_a_12
Ossuary:  ossuary_tomb_2

Skill      XL: |  1  2  3  4  5  6  7  8  9 |
---------------+----------------------------+-----
Stealth        | 2 3 4 |  4.1
Dodging        | 2 3 4 6 |  6.6
Necromancy     | 5 6 7 |  7.0
Spellcasting   | 3 |  3.1
Short Blades   | 4 6 7 |  7.9

Action                   |  1- 3 |  4- 6 |  7- 9 || total
-------------------------+-------+-------+-------++-------
Melee: Unarmed           |     7 |       |       ||     7
       Dagger            |    38 |    47 |   616 ||   701
 Fire: Blowgun           |       |       |     1 ||     1
Throw: Javelin           |    17 |    32 |     5 ||    54
 Cast: Pain              |    43 |    86 |    20 ||   149
       Animate Skeleton  |     2 |     2 |       ||     4
       Animate Dead      |       |     6 |     8 ||    14
Evoke: Wand              |       |     1 |       ||     1
  Use: Scroll            |     7 |    11 |     4 ||    22
       Potion            |       |     2 |     5 ||     7
 Stab: Sleeping          |       |       |     7 ||     7
       Paralysed         |       |       |     1 ||     1
  Eat: Bread ration      |     1 |     1 |     2 ||     4
       Chunk             |       |     7 |     2 ||     9
       Meat ration       |       |       |     1 ||     1
